 Dungeon Crawl Stone Soup version 0.23-a0-644-gb60d84b (webtiles) character file.

34 Borgoz the Sneak (level 3, -1/22 HPs)
             Began as a Kobold Assassin on Jan 2, 2019.
             Slain by a jackal (3 damage)
             ... on level 1 of the Dungeon.
             The game lasted 00:01:44 (876 turns).

Borgoz the Sneak (Kobold Assassin)                   Turns: 876, Time: 00:01:45

Health: -1/22      AC:  3    Str: 14    XL:     3   Next: 50%
Magic:  3/3        EV: 14    Int: 12    God:
Gold:   48         SH:  0    Dex: 16    Spells: 2/2 levels left

rFire    . . .     SeeInvis .   a - +2 dagger
rCold    . . .     Gourm    .   (shield restricted)
rNeg     . . .     Faith    .   c - +0 robe
rPois    .         Spirit   .   (no helmet)
rElec    .         Reflect  .   d - +0 cloak
rCorr    .         Harm     .   (no gloves)
MR       .....                  (no boots)
Stlth    +++.......             (no amulet)
HPRegen  0.07/turn              (no ring)
MPRegen  0.08/turn              (no ring)

@: mighty
A: small, carnivore
a: no special abilities


You were on level 1 of the Dungeon.
You were very full.

You visited 1 branch of the dungeon, and saw 2 of its levels.

You collected 48 gold pieces.

Inventory:

Hand Weapons
 a - a +2 dagger (weapon)
 b - a +0 blowgun
Missiles
 e - 8 poisoned needles
 f - 2 curare-tipped needles
Armour
 c - a +0 robe (worn)
 d - a +0 cloak (worn)
Scrolls
 i - 2 scrolls of noise {unknown}
 j - a scroll of remove curse {unknown}
 k - 2 scrolls of teleportation {unknown}
 m - 2 scrolls of identify {unknown}
Potions
 l - a potion of lignification {unknown}
Comestibles
 g - 4 rations


   Skills:
 + Level 2.4 Fighting
 + Level 3.1 Short Blades
 + Level 2.3 Throwing
 + Level 1.4 Dodging
 + Level 6.3 Stealth


You had 2 spell levels left.
You didn't know any spells.
Your spell library was empty.

Dungeon Overview and Level Annotations

Branches:
Dungeon (2/15)

Altars:


Innate Abilities, Weirdness & Mutations

You are small and have problems with some larger weapons.
You are carnivorous and can eat meat at any time.


Message History

* * * LOW HITPOINT WARNING * * *
The jackal bites you but does no damage.
The jackal closely misses you. The jackal misses you.
The jackal barely misses you. x2
You closely miss the jackal.
The jackal bites you but does no damage.
The jackal barely misses you. The jackal bites you.
* * * LOW HITPOINT WARNING * * *
The jackal barely misses you.
Unknown command.
You puncture the jackal!
You kill the jackal!
The jackal closely misses you. The jackal bites you.
* * * LOW HITPOINT WARNING * * *
The jackal bites you but does no damage.
Unknown command.
You closely miss the jackal. The jackal barely misses you.
The jackal closely misses you. The jackal barely misses you.
You hit the jackal but do no damage. The jackal bites you.
You die...

#.#.# #..# ###.##..[..# #.# #
#.#.# #..####.##.....## #.# ##
#.#.# #...##.##.....#####.# .#
#..########.##.....##..##.#
.###..........##.....##.#....#
...#..#########.....##.#####(#
.)..............8..##.######.##
...##.........<†h.##.## #.....#
.####..........h@.(##.###.###.#
.# #.#########h.(..##.##.# #.#
## #.........##...(.##.#.# #.#
# ##########.##.....##..# #.#
######### #.###.##.....####
#.###
........###...##.##.....##
#.#..
######.........##.##.....#
#.#.# #..##########.##....#
#.#.. #..# #.##.##...# #.#.#


You could see 3 jackals.

Vanquished Creatures
  A dart slug (D:1)
  5 bats (D:1)
  2 giant cockroaches (D:1)
  3 goblins (D:1)
  5 hobgoblins (D:1)
  5 jackals (D:1)
  3 frilled lizards (D:1)
  2 kobolds (D:1)
  3 rats (D:1)
29 creatures vanquished.

Notes
Turn   | Place    | Note
-------+----------+-------------------------------------------
     0 | D:1      | Borgoz the Kobold Assassin began the quest for the Orb.
     0 | D:1      | Reached XP level 1. HP: 12/12 MP: 1/1
    60 | D:1      | Reached XP level 2. HP: 17/17 MP: 2/2
   334 | D:1      | Reached skill level 6 in Stealth
   516 | D:1      | Reached XP level 3. HP: 21/22 MP: 3/3
   876 | D:1      | Slain by a jackal

Vault maps used:
D:1:      psy_arrival_spokes, minivault_11
D:2:      lemuel_round_altar, dancing_weapons_uskayaw, first_ration

Skill      XL: |  1  2 |
---------------+-------+-----
Short Blades   | 3 |  3.1
Stealth        | 6 |  6.3
Fighting       | |  2.4
Throwing       | |  2.3
Dodging        | |  1.4

Action                   || total
-------------------------++-------
Melee: Dagger            ||    62
  Use: Potion            ||     1
 Stab: Sleeping          ||    14
       Distracted        ||     1
  Eat: Chunk             ||     7
Armor: Robe              ||    23
Dodge: Dodged            ||    49

Table legend:
 A = Non-vault XP
 B = Vault XP
 C = Vault XP percentage of total XP
 D = Non-vault monster count
 E = Vault monster count
 F = Vault count percentage of total count
                 A         B        C        D         E       F
            +---------+---------+-------+---------+---------+-------
      Total |      49 |       0 |   0.0 |      29 |       0 |   0.0
            +---------+---------+-------+---------+---------+-------
        D:1 |      49 |       0 |   0.0 |      29 |       0 |   0.0
            +---------+---------+-------+---------+---------+-------
